 Dungeon Crawl Stone Soup version 0.28.0-53-g5a82cb258f (webtiles) character file.

Game seed: 10965903086524052754

263 Stomo the Skirmisher (level 5, 0/47 HPs)
             Began as a Draconian Monk on June 30, 2022.
             Was a Believer of Nemelex Xobeh.
             Slain by a centaur zombie (1 damage)
             ... on level 6 of the Dungeon.
             The game lasted 00:11:25 (2312 turns).

Stomo the Skirmisher (Draconian Monk)               Turns: 2312, Time: 00:11:26

Health: 0/47       AC:  5    Str: 15    XL:     5   Next: 98%
Magic:  6/7        EV: 13    Int: 16    God:    Nemelex Xobeh [**....]
Gold:   94         SH:  0    Dex: 14    Spells: 4/4 levels left

rFire   . . .      SeeInvis .   a - +0 mace
rCold   . . .      Faith    .   (no shield)
rNeg    . . .      Spirit   .   (armour unavailable)
rPois   .          Reflect  .   (helmet restricted)
rElec   .          Harm     .   (no cloak)
rCorr   .          Rampage  .   (no gloves)
Will    .....                   (no boots)
Stlth   ++........              (no amulet)
HPRegen 0.15/turn               b - +6 ring of intelligence
MPRegen 0.10/turn               (no ring)

@: no status effects
A: AC +5, unfitting armour, cold-blooded
a: Renounce Religion, Draw Escape, Draw Destruction, Draw Summoning


You were on level 6 of the Dungeon.
You worshipped Nemelex Xobeh.
Nemelex Xobeh was pleased with you.
You visited 2 branches of the dungeon, and saw 6 of its levels.

You collected 94 gold pieces.

Inventory:

Hand Weapons
 a - a +0 mace (weapon)
 k - a +0 whip
Jewellery
 b - a +6 ring of intelligence (left hand)
Scrolls
 c - a scroll of enchant weapon {unknown}
 e - a scroll of enchant armour {unknown}
 f - 4 scrolls of identify {unknown}
 g - a scroll of immolation {unknown}
 l - a scroll of magic mapping {unknown}
Potions
 d - a potion of brilliance {unknown}
 h - a potion of curing {unknown}
 i - a potion of heal wounds {unknown}
 j - a potion of might {unknown}


   Skills:
 - Level 4.4 Fighting
 - Level 4.0 Maces & Flails
 - Level 3.6 Dodging
 - Level 1.7 Stealth
 + Level 3.6 Invocations


You had 4 spell levels left.
You didn't know any spells.
Your spell library was empty.

Dungeon Overview and Level Annotations

Branches:
Dungeon (6/15)             Temple (1/1) D:6

Altars:
Cheibriados
Dithmenos
Elyvilon
Hepliaklqana
Nemelex Xobeh
Okawaru
Qazlal
Ru
Sif Muna
Trog
Uskayaw
Vehumet
Wu Jian
Yredelemnul
Zin
The Shining One

Shops:
D:2 (

Annotations:
D:5 Grinder


Innate Abilities, Weirdness & Mutations

Your plain brown scales are hard. (AC +5)
You cannot fit into any form of body armour.
You are cold-blooded and may be slowed by cold attacks.


Message History

You feel sick.
The orc warrior hits you with a +0 battleaxe!
* * * LOW HITPOINT WARNING * * *
Unknown command.
You draw a card...
You have drawn the Elements.
You feel sick.
You are no longer poisoned.
The orc warrior closely misses you.
The orc warrior hits your ice beast with a +0 battleaxe!
Unknown command.
You swap places.
The orc warrior barely misses your basilisk.
The orc warrior hits your ice beast with a +0 battleaxe!
Your basilisk gazes at the orc warrior.
The orc warrior resists with significant effort.
Your ice beast hits the orc warrior.
Your ice beast freezes the orc warrior!
The orc warrior barely misses your basilisk.
The orc warrior barely misses your ice beast.
Your ice beast misses the orc warrior.
Your basilisk gazes at the orc warrior.
The orc warrior resists with significant effort.
You swap places.
The orc warrior hits your basilisk with a +0 battleaxe!
The orc warrior barely misses your ice beast.
Your ice beast hits the orc warrior but does no damage.
Your basilisk bites the orc warrior but does no damage.
The orc warrior hits your ice beast with a +0 battleaxe!
Your ice beast dies!
Your ice beast disappears in a puff of smoke!
The orc warrior hits your basilisk with a +0 battleaxe!
Your basilisk bites the orc warrior!
The orc warrior dies!
Your Invocations skill gained 2 levels and is now at level 3!
You swap places.
You swap places.
The centaur zombie hits you but does no damage.
The centaur zombie kicks you.
* * * LOW HITPOINT WARNING * * *
The centaur zombie misses you. The centaur zombie kicks you.
You die...
Your body disappears without a glow.

.........#####
...<.........#
.............#
......o.....<##
..........S...#
.......o......#
..............#
......#)###########
......)...Z@l..v..#
......##)########.#
.#####...# ####.#
##.PP##..#####....#
#P...P#......#.#####
#P.>..'......#.#...#
#....P#......#.#...#
##..P##......#.##..#
#####.......#.....####


You could see a centaur zombie (ally target), a friendly basilisk (summoned) and
a friendly fire vortex (summoned).

Vanquished Creatures
  A centaur zombie (D:6)
  An orc priest (D:6)
  An orc wizard (D:6)
  A gnoll (D:1)
  An adder (D:6)
  A white imp (D:6)
  4 orcs (D:6)
  2 endoplasms (D:1)
  3 giant cockroaches
  2 hobgoblins (D:1)
  8 jackals
  4 kobolds
  2 quokkas (D:2)
  3 ball pythons
  7 bats
  3 frilled lizards
  3 goblins
  8 rats
55 creatures vanquished.

Vanquished Creatures (collateral kills)
  An orc warrior (D:6)
1 creature vanquished.

Vanquished Creatures (others)
  17 plants
17 creatures vanquished.

Grand Total: 73 creatures vanquished

Notes
Turn   | Place    | Note
-------+----------+-------------------------------------------
     0 | D:1      | Stomo the Draconian Monk began the quest for the Orb.
     0 | D:1      | Reached XP level 1. HP: 19/19 MP: 1/1
    35 | D:1      | Reached XP level 2. HP: 15/26 MP: 2/2
   332 | D:1      | Found a faded altar of an unknown god.
   679 | D:1      | Reached XP level 3. HP: 33/33 MP: 3/3
  1140 | D:2      | Found Tuepeul's Weapon Boutique.
  1614 | D:3      | You fall into a shaft and drop 3 floors!
  1626 | D:6      | Reached XP level 4. HP: 35/40 MP: 4/4
  1795 | D:5      | Entered Level 5 of the Dungeon
  1795 | D:5      | Noticed Grinder
  1830 | D:6      | Found a staircase to the Ecumenical Temple.
  1836 | Temple   | Entered the Ecumenical Temple
  2267 | Temple   | Became a worshipper of Nemelex Xobeh the Trickster
  2267 | Temple   | Reached * piety under Nemelex Xobeh
  2267 | Temple   | Received a gift from Nemelex Xobeh
  2267 | Temple   | Received a gift from Nemelex Xobeh
  2267 | Temple   | Reached ** piety under Nemelex Xobeh
  2286 | D:6      | Noticed an orc warrior
  2298 | D:6      | Reached XP level 5. HP: 24/47 MP: 5/5
  2300 | D:6      | Reached skill level 1 in Invocations
  2304 | D:6      | HP: 2/47 [poisoned by an adder]
  2308 | D:6      | Killed an orc warrior
  2312 | D:6      | HP: 1/47 [centaur zombie (2)]
  2312 | D:6      | Slain by a centaur zombie

Illustrated notes

Levels and vault maps discovered:
D:1:      erik_arrival_orb_chamber, layout_basic,
          shapermc_ecumenical_altar_pompeii
D:2:      layout_rooms, serial_shops, shop, minmay_crystal_water,
          serial_bayou_lagoon_b
D:3:      layout_basic
D:5:      layout_cave_pools, kennysheep_mini, uniq_grinder, uniq_ijyb
D:6:      layout_basic, grunt_temple_overflow_growth_and_decay,
          minmay_temple_entry_enclosed_plants, lexackson_kobold_supper
Temple:   nicolae_temple_elliptical

Skill      XL: |  1  2  3  4  5 |
---------------+----------------+-----
Dodging        | 3 |  3.6
Fighting       | 4 |  4.4
Maces & Flails | 4 |  4.0
Invocations    | 3 |  3.6
Stealth        | |  1.7

Action                   |  1- 3 |  4- 6 || total
-------------------------+-------+-------++-------
Melee: Mace              |   118 |    23 ||   141
       Tailslap          |    13 |     4 ||    17
       Punch             |     1 |       ||     1
Invok: Draw Destruction  |       |     3 ||     3
       Draw Summoning    |       |     1 ||     1
 Stab: Sleeping          |     6 |       ||     6
Armor: Skin              |    34 |    17 ||    51
Dodge: Dodged            |   106 |    22 ||   128
